 Dungeon Crawl Stone Soup version 0.20-a0-689-g860b9ab (webtiles) character file.

32284 polly the Blocker (level 13, -4/84 HPs)
             Began as a Gargoyle Fighter on Feb 20, 2017.
             Was the Champion of Okawaru.
             Killed from afar by a fire dragon (34 damage)
             ... with a blast of flame
             ... on level 14 of the Dungeon.
             The game lasted 00:21:49 (13349 turns).

polly the Blocker (Gargoyle Fighter)               Turns: 13349, Time: 00:21:50

Health: -4/84      AC: 32    Str: 21    XL:     13   Next: 63%
Magic:  13/13      EV: 13    Int: 10    God:    Okawaru [******]
Gold:   865        SH: 14    Dex: 17    Spells: 12/12 levels left

rFire    . . .     SeeInvis .   j - +4 whip
rCold    . . .     Gourm    .   F - +0 plate armour
rNeg     + . .     Faith    .   c - +0 shield
rPois    ∞         Spirit   .   Z - +0 helmet of Duck's Teeth {*Contam Dex+5}
rElec    +         Reflect  .   p - +1 cloak {+Inv}
rCorr    .         Harm     .   G - +2 pair of gloves
MR       .....                  i - +0 pair of boots
Stlth    ..........             (no amulet)
Regen    0.3/turn               a - +5 ring of evasion
MPRegen  0.2/turn               e - +3 ring of slaying

@: no status effects
A: negative energy resistance 1, electricity resistance, unbreathing,
petrification resistance, rot immunity, AC +9
a: Heroism, Finesse, Renounce Religion, Evoke Invisibility


You were on level 14 of the Dungeon.
You worshipped Okawaru.
Okawaru was exalted by your worship.
You were not hungry.

You visited 2 branches of the dungeon, and saw 15 of its levels.
You also visited: Labyrinth.

You collected 865 gold pieces.

Inventory:

Hand Weapons
 j - a +4 whip (weapon)
Armour
 c - a +0 shield (worn)
 i - a +0 pair of boots (worn)
 p - a +1 cloak of invisibility (worn)
 F - a +0 plate armour (worn)
 G - a +2 pair of gloves (worn)
 W - a scarf of repulsion
 Z - the +0 helmet of Duck's Teeth (worn) {*Contam Dex+5}
   (Okawaru gifted it to you on level 13 of the Dungeon)

   It affects your dexterity (+5).
   It causes magical contamination when unequipped.
Jewellery
 a - a +5 ring of evasion (right hand)
 e - a +3 ring of slaying (left hand)
 y - a +3 ring of intelligence
Wands
 o - a wand of iceblast (4/15)
 B - a wand of lightning (8/15)
 M - a wand of acid (6/15)
 P - a wand of polymorph (20/24)
 Q - a wand of lightning (7/15)
 R - a wand of disintegration (14/24)
Scrolls
 g - 6 scrolls of remove curse
 l - a scroll of blinking {unknown}
 m - 5 scrolls of enchant weapon
 r - a scroll of immolation
 t - 2 scrolls of amnesia
 v - 3 scrolls of teleportation {unknown}
 z - 3 scrolls of magic mapping {unknown}
 C - a scroll of enchant armour {unknown}
 D - a scroll of recharging {unknown}
 E - a scroll of fear {unknown}
 H - 2 scrolls of noise {unknown}
 I - a scroll of silence {unknown}
 S - a scroll of fog {unknown}
 X - a scroll of identify
 Y - a scroll of holy word {unknown}
Potions
 b - 4 potions of flight {unknown}
 k - 2 potions of curing
 q - 3 potions of heal wounds
 s - a potion of mutation {unknown}
 u - 4 potions of lignification {unknown}
 w - a potion of ambrosia {unknown}
 x - 2 potions of invisibility {unknown}
 A - 3 potions of degeneration {unknown}
 J - a potion of cancellation {unknown}
 K - a potion of berserk rage {unknown}
 L - a potion of agility {unknown}
Books
 N - a book of Cantrips

   Spells                             Type                      Level
   a - Confusing Touch                Hexes                        1
   b - Animate Skeleton               Necromancy                   1
   c - Summon Small Mammal            Summoning                    1
   d - Apportation                    Translocation                1
 O - a book of Air

   Spells                             Type                      Level
   a - Shock                          Conjuration/Air              1
   b - Swiftness                      Charms/Air                   2
   c - Static Discharge               Conjuration/Air              3
   d - Airstrike                      Air                          4
   e - Lightning Bolt                 Conjuration/Air              5
 T - a book of Spatial Translocations

   Spells                             Type                      Level
   a - Blink                          Translocation                2
   b - Shroud of Golubria             Charms/Translocation         2
   c - Lesser Beckoning               Translocation                3
   d - Portal Projectile              Translocation                3
   e - Teleport Other                 Translocation                3
   f - Passage of Golubria            Translocation                4
 U - a book of Fire

   Spells                             Type                      Level
   a - Ignite Poison                  Fire/Transmutation/Poison    3
   b - Fireball                       Conjuration/Fire             5
   c - Bolt of Fire                   Conjuration/Fire             6
   d - Ring of Flames                 Charms/Fire                  7
   e - Ignition                       Fire                         8
 V - a book of Power

   Spells                             Type                      Level
   a - Iskenderun's Battlesphere      Conjuration/Charms           5
   b - Venom Bolt                     Conjuration/Poison           5
   c - Bolt of Magma                  Conjuration/Fire/Earth       5
   d - Iron Shot                      Conjuration/Earth            6
   e - Orb of Destruction             Conjuration                  7
   f - Spellforged Servitor           Conjuration/Summoning        7
Comestibles
 f - 7 bread rations
 h - 2 royal jellies
 n - 8 meat rations


   Skills:
 + Level 10.9 Fighting
 + Level 13.0 Maces & Flails
 + Level 10.3 Armour
 + Level 3.3 Dodging
 + Level 2.9 Stealth
 + Level 13.9 Shields


You had 12 spell levels left.
You didn't know any spells.

Dungeon Overview and Level Annotations

Branches:
Dungeon (14/15)            Temple (1/1) D:4            Lair (0/6) D:8
    Orc (0/2) D:12
 Vaults: D:13-14

Altars:
Cheibriados
Dithmenos
Elyvilon
Fedhas
Gozag
Hepliaklqana
Kikubaaqudgha
Makhleb
Nemelex Xobeh
Okawaru
Qazlal
Ru
Trog
Uskayaw
Vehumet
Yredelemnul
Zin
The Shining One
Beogh

Shops:
D:8 (   D:9 (

Portals:
Trove: D:12 (give +6 ice dragon scales)

Annotations:
D:13 1 runed door


Innate Abilities, Weirdness & Mutations

You are resistant to torment.
Your stone body is resilient. (AC +9)
You are immune to poison.
You resist negative energy. (rN+)
You are resistant to electric shocks. (rElec)
You can survive without breathing.
You are immune to petrification.
You are immune to rotting.


Message History

Your plate armour prevents you from hitting the white ugly thing.
The white ugly thing is almost dead.
You hit the white ugly thing.
You kill the white ugly thing!
Okawaru accepts your kill.
You hit the very large slime creature.
The very large slime creature is lightly wounded.
You whack the very large slime creature!
The very large slime creature is lightly wounded.
The very large slime creature hits you!!!
You whack the very large slime creature!
The very large slime creature is lightly wounded.
Your plate armour prevents you from hitting the very large slime creature.
The very large slime creature is lightly wounded.
You block the very large slime creature's attack.
The purple ugly thing basks in the mutagenic energy from its kin and changes!
The cyan ugly thing basks in the mutagenic energy from its kin and changes!
The fire dragon breathes flames at you. The blast of flame hits you!
You die...

..... ... #u# #J#
### ### #D# #.#
#.# ##.# #.# #.#
##J.# #.# #.#
#...# #.# #.# #.#
##@## #.# #.#
#.### #.# #.# #.#
#.#.#####.# #.#
..# #..#..>...#
#.#
#.######.#.#######
#.# #<.......#.#
#.# P..#######.#
#.# P..# #.# #..
...#######.## ###


You could see a fire dragon, a cyan ugly thing, a very large slime creature and
a slime creature.

Vanquished Creatures
  Frances (D:13)
  Snorg (D:12)
  A minotaur (Lab)
  A hydra (D:11)
  5 centaur warriors
  6 two-headed ogres
  An unseen horror (D:13)
  An orc knight (D:13)
  A manticore (D:13)
  2 cyclopes (D:13)
  13 ugly things
  2 trolls
  A hippogriff (D:14)
  A slime creature (D:14)
  A vampire (D:11)
  2 wyverns
  A wraith (D:10)
  4 hogs (D:10)
  14 yaks
  A steam dragon (D:12)
  A human (D:10)
  A hungry ghost (D:10)
  A vampire mosquito (D:11)
  Menkaure (D:7)
  A warg (D:13)
  Edmund (D:5)
  A soldier ant (D:11)
  The ghost of Photonic the Firebug, an amateur DEFE (D:3)
  2 porcupines (D:8)
  An eye of draining (D:13)
  16 orc warriors
  8 ice beasts
  2 necrophages
  4 black bears
  2 sky beasts
  8 ogres
  4 phantoms
  2 crocodiles
  15 centaurs
  5 big kobolds
  5 bullfrogs
  A water moccasin skeleton (D:5)
  4 scorpions
  10 killer bees (D:8)
  12 wights
  7 crimson imps
  4 bullfrog zombies
  4 jellies
  10 orc wizards
  2 hounds
  15 orc priests
  Crazy Yiuf (D:2)
  A bullfrog skeleton (D:13)
  A centaur skeleton (D:8)
  Jessica (D:2)
  Natasha (twice) (D:2)
  6 iguanas
  Ijyb (D:3)
  8 worker ants
  A bullfrog simulacrum (D:11)
  A hound skeleton (D:5)
  Robin (D:2)
  A howler monkey skeleton (D:10)
  8 gnolls
  5 adders
  A shadow imp (D:8)
  3 adder skeletons
  2 worms
  4 dart slugs
  10 leopard geckos
  41 orcs
  2 ball pythons (D:2)
  4 giant cockroaches
  8 hobgoblins
  9 jackals
  17 kobolds
  4 quokkas
  6 bats
  4 frilled lizards
  25 goblins
  8 rats
397 creatures vanquished.

Notes
Turn   | Place    | Note
-------+----------+-------------------------------------------
     0 | D:1      | polly the Gargoyle Fighter began the quest for the Orb.
     0 | D:1      | Reached XP level 1. HP: 14/14 MP: 1/1
   236 | D:1      | Reached XP level 2. HP: 19/19 MP: 2/2
   775 | D:2      | Noticed Robin
   802 | D:2      | Reached XP level 3. HP: 20/23 MP: 3/3
   815 | D:2      | Killed Robin
  1108 | D:2      | Noticed Jessica
  1113 | D:2      | Killed Jessica
  1113 | D:2      | Reached XP level 4. HP: 22/28 MP: 4/4
  1163 | D:2      | Noticed Natasha
  1172 | D:2      | Killed Natasha
  1223 | D:2      | Reached XP level 5. HP: 20/32 MP: 5/5
  1406 | D:2      | Found a runed door.
  1474 | D:2      | Noticed Natasha
  1481 | D:2      | Killed Natasha
  1767 | D:2      | Noticed Crazy Yiuf
  1775 | D:2      | Killed Crazy Yiuf
  1871 | D:3      | Reached XP level 6. HP: 30/38 MP: 6/6
  2061 | D:3      | Noticed Photonic's ghost (amateur DEFE)
  2078 | D:3      | Killed Photonic's ghost
  2146 | D:3      | Reached skill level 5 in Maces & Flails
  2146 | D:3      | Reached skill level 1 in Dodging
  2146 | D:3      | Reached XP level 7. HP: 22/43 MP: 7/7
  2570 | D:3      | Noticed Ijyb
  2582 | D:3      | Killed Ijyb
  2638 | D:4      | Reached skill level 5 in Armour
  2643 | D:4      | Reached skill level 5 in Shields
  2656 | D:4      | Found a staircase to the Ecumenical Temple.
  2669 | Temple   | Entered the Ecumenical Temple
  2707 | Temple   | Became a worshipper of Warmaster Okawaru
  3243 | D:5      | Entered Level 5 of the Dungeon
  3573 | D:5      | Found a hide-covered altar of Uskayaw.
  3574 | D:5      | Noticed a hand axe
  3575 | D:5      | Noticed a hand axe
  3598 | D:5      | Noticed Edmund
  3609 | D:5      | Killed Edmund
  3609 | D:5      | Reached XP level 8. HP: 38/48 MP: 8/8
  3723 | D:6      | Found a stormy altar of Qazlal.
  3723 | D:6      | Found a glowing silver altar of Zin.
  3843 | D:6      | Found a blossoming altar of Fedhas.
  3865 | D:6      | Reached * piety under Okawaru
  3979 | D:6      | Reached skill level 1 in Stealth
  4027 | D:6      | Reached skill level 5 in Fighting
  4507 | D:7      | Noticed Menkaure
  4512 | D:7      | Killed Menkaure
  4512 | D:7      | Reached ** piety under Okawaru
  4567 | D:7      | Reached XP level 9. HP: 38/54 MP: 9/9
  5072 | D:8      | Reached *** piety under Okawaru
  5150 | D:8      | Got a faintly glowing whip
  5210 | D:8      | Identified the cursed +1 whip "Ikemedocs" {antimagic, rN+ Str+3} (You found it on level 8 of the Dungeon)
  5412 | D:8      | Reached XP level 10. HP: 57/61 MP: 10/10
  5470 | D:8      | Reached **** piety under Okawaru
  5524 | D:8      | Noticed a two-headed ogre
  5540 | D:8      | Killed a two-headed ogre
  5563 | D:8      | Found Nustunk's Antique Weapon Emporium.
  5715 | D:8      | Found a staircase to the Lair.
  5899 | D:9      | Noticed a two-headed ogre
  5913 | D:9      | Killed a two-headed ogre
  5913 | D:9      | Reached ***** piety under Okawaru
  5913 | D:9      | Reached skill level 10 in Maces & Flails
  6202 | D:9      | Found Udiviw's Antique Weapon Emporium.
  6287 | D:9      | Found an opulent altar of Gozag.
  6489 | D:10     | Entered Level 10 of the Dungeon
  6566 | D:10     | Reached XP level 11. HP: 60/67 MP: 11/11
  6690 | D:10     | You fall through a shaft for 3 floors!
  6816 | D:13     | Killed an unseen horror
  6816 | D:13     | Reached skill level 10 in Shields
  7074 | D:13     | Noticed a manticore
  7237 | D:12     | Noticed Snorg
  7273 | D:12     | Killed Snorg
  7273 | D:12     | Received a gift from Okawaru
  7340 | D:12     | Found a labyrinth entrance.
  7343 | D:12     | Found a staircase to the Orcish Mines.
  7348 | Lab      | Entered a labyrinth
  7733 | Lab      | Noticed a minotaur
  7746 | Lab      | Killed a minotaur
  7749 | Lab      | Got a pitted leather armour
  7776 | Lab      | Identified the +2 leather armour of Feasting {rC+} (You took it off a minotaur in a labyrinth)
  8269 | D:10     | Noticed a two-headed ogre
  8280 | D:10     | Killed a two-headed ogre
  8280 | D:10     | Received a gift from Okawaru
  8898 | D:11     | Noticed a two-headed ogre
  8912 | D:11     | Killed a two-headed ogre
  9087 | D:11     | Noticed an eight-headed hydra
  9100 | D:11     | Killed an eight-headed hydra
  9144 | D:11     | Reached XP level 12. HP: 39/75 MP: 12/12
  9412 | D:11     | Noticed a centaur warrior
  9428 | D:11     | Killed a centaur warrior
 10129 | D:11     | Found a roughly hewn altar of Beogh.
 10652 | D:12     | Found a portal to a secret trove of treasure.
 10838 | D:13     | Noticed a centaur warrior
 10855 | D:13     | Killed a centaur warrior
 10898 | D:13     | Found a runed door.
 10899 | D:13     | Noticed a fire giant
 10901 | D:13     | Noticed a sphinx
 10901 | D:13     | Noticed a fire giant
 10981 | D:13     | Reached ****** piety under Okawaru
 11024 | D:13     | Noticed a two-headed ogre
 11041 | D:13     | Killed a two-headed ogre
 11080 | D:13     | Noticed a centaur warrior
 11098 | D:13     | Killed a centaur warrior
 11191 | D:13     | Received a gift from Okawaru
 11194 | D:13     | Got a spiked helmet {god gift}
 11200 | D:13     | Identified the +0 helmet of Duck's Teeth {*Contam Dex+5} (Okawaru gifted it to you on level 13 of the Dungeon)
 11815 | D:13     | Noticed Frances
 11825 | D:13     | Noticed a sun demon
 11825 | D:13     | Reached skill level 10 in Fighting
 11876 | D:14     | Reached XP level 13. HP: 20/82 MP: 13/13
 12566 | D:13     | Killed Frances
 12750 | D:13     | Reached skill level 10 in Armour
 12898 | D:14     | Found a stormy altar of Qazlal.
 13203 | D:14     | Noticed a fire dragon
 13271 | D:14     | Received a gift from Okawaru
 13349 | D:14     | Killed from afar by a fire dragon

Vault maps used:
D:1:      ncdulo_lavacross
D:2:      kennysheep_generic_room_15, uniq_jessica, uniq_natasha, uniq_robin,
          uniq_crazy_yiuf_cottage
D:3:      kennysheep_the_goblin_king, kennysheep_potato
D:4:      minmay_temple_entry_butterflies, first_bread
D:5:      dancing_weapons_uskayaw, corexii_shack, uniq_edmund
D:6:      fedhas_altar_2, chequers_temple_overflow_statue_of_worship,
          serial_glass, glass_columns_a, glass_columns_b, glass_columns_a,
          glass_columns_b, glass_columns_b, minmay_crystal_water
D:7:      nicolae_sextant, uniq_menkaure
D:8:      grunt_lair_entry_orc_guard_hut, serial_shops, kennysheep_mini_moat
D:9:      lemuel_doored_altar, serial_shops, shop_fountains
D:10:     grunt_livestock
D:11:     minmay_bloctagon_deflated, special_room, minmay_misc_feat_hallway
D:12:     orc_0_dummy, lab_entry_generic, nicolae_trove_entry_crystal,
          uniq_snorg
D:13:     kennysheep_treasure_room, uniq_frances
D:14:     david_vaults_5, serial_bayou_pond_a, nicolae_qazlal_general_emergency
Temple:   nicolae_temple_elliptical
Lab:      nicolae_lab_dead_adventurers, lab_block, nicolae_lab_statue,
          labyrinth_fake_exit

Skill      XL: |  1  2  3  4  5  6  7  8  9 10 11 12 13 |
---------------+----------------------------------------+-----
Shields        | 4 5 6 7 9 11 12 13 | 13.9
Maces & Flails | 3 4 5 7 9 10 11 12 13 | 13.0
Armour         | 4 5 6 7 9 10 | 10.3
Fighting       | 4 5 6 7 8 10 | 10.9
Dodging        | 1 2 3 |  3.3
Stealth        | 2 |  2.9

Action                   |  1- 3 |  4- 6 |  7- 9 | 10-12 | 13-15 || total
-------------------------+-------+-------+-------+-------+-------++-------
Melee: Flail             |    31 |       |       |       |       ||    31
       Whip              |    63 |   119 |   444 |  1246 |   417 ||  2289
  Use: Scroll            |       |       |     8 |     1 |       ||     9
       Potion            |       |       |       |     6 |       ||     6
  Eat: Chunk             |       |     4 |    10 |    13 |     3 ||    30
       Royal jelly       |       |       |       |     5 |     1 ||     6
Armor: Scale mail        |    59 |    68 |    81 |       |       ||   208
       Plate armour      |       |       |    98 |   421 |    94 ||   613
Dodge: Dodged            |    26 |    35 |    80 |   315 |   111 ||   567
Block: Shield            |    51 |    47 |   187 |   520 |   176 ||   981
